 Dungeon Crawl Stone Soup version 0.26.1-11-gd32895ea62 (webtiles) character file.

Game seed: 646173196041712974

37 phalm the Conjurer (level 3, 0/26 HPs)
             Began as a Demonspawn Conjurer on June 24, 2021.
             Slain by an adder (4 damage)
             ... on level 1 of the Dungeon.
             The game lasted 00:01:48 (1264 turns).

phalm the Conjurer (Demonspawn Conjurer)            Turns: 1264, Time: 00:01:48

Health: 0/26       AC:  2    Str:  7    XL:     3   Next: 21%
Magic:  0/6        EV: 12    Int: 20    God:
Gold:   44         SH:  4    Dex: 11    Spells: 3/6 levels left

rFire    . . .     SeeInvis .   c - +0 mace
rCold    . . .     Faith    .   (no shield)
rNeg     . . .     Spirit   .   a - +0 robe
rPois    .         Reflect  .   (helmet restricted)
rElec    .         Harm     .   (no cloak)
rCorr    .         Rampage  .   (no gloves)
Will     .....                  (no boots)
Stlth    ++........             (no amulet)
HPRegen  0.08/turn              (no ring)
MPRegen  0.10/turn              (no ring)

@: lethally poisoned (0 -> -7)
A: antennae 1, large bone plates 1
a: no special abilities


You were on level 1 of the Dungeon.
You visited 1 branch of the dungeon, and saw 2 of its levels.

You collected 44 gold pieces.


Innate Abilities, Weirdness & Mutations

You have a pair of small antennae on your head.
You are partially covered in large bone plates. (SH +4)


   Skills:
 + Level 1.2 Fighting
 - Level 1.7 Dodging
 - Level 1.7 Stealth
 + Level 2.4 Spellcasting
 * Level 4.5 Conjurations


You had 3 spell levels left.
You knew the following spells:

 Your Spells              Type           Power        Failure   Level
m - Magic Dart            Conj           80%          2%          1
s - Searing Ray           Conj           40%          3%          2

Your spell library contained the following spells:

 Spells                   Type           Power        Failure   Level
 Dazzling Flash           Conj/Hex       22%          19%         3
 Fulminant Prism          Conj/Hex       5%           52%         4
 Iskenderun's Mystic Bla  Conj/Tloc      11%          52%         4

Inventory:

Hand Weapons
 c - a +0 mace (weapon)
   (You found it on level 1 of the Dungeon)
Missiles
 d - 70 stones
 f - 19 poisoned darts (quivered)
 h - 15 sling bullets
 i - 27 arrows
Armour
 a - a +0 robe (worn)
 j - a cursed +0 helmet
   (You found it on level 1 of the Dungeon)
Scrolls
 b - 2 scrolls of identify {unknown}
 e - 2 scrolls of blinking {unknown}
 g - a scroll of magic mapping {unknown}
 l - a scroll of noise {unknown}
Potions
 k - 2 potions of lignification {unknown}

Dungeon Overview and Level Annotations

Branches:
Dungeon (2/15)

Altars:

#.# #.......##.# #.#
#.......##..
####.#####.....†.....
#.......##.....####..
#..#.##.##.....# ###
#.###.#.########
#..#.##.# #########
#.#.###.###.......#
#...@...##...####.###
###S#####............
#.# ##...####.###
#.######........#
#..........######
########...# #####
### #..


You could see an adder.


Message History

Your hp is fully restored (26).
Your mp is fully restored (6).
Casting: Magic Dart (safe; 2% risk of failure)
Confirm with . or Enter, or press ? or * to list all spells.
Aiming: Magic Dart (safe; 2% risk of failure)
Press: ? - help, Shift-Dir - straight line, f - worm
Aim: a worm (0% to evade)
The magic dart hits the worm.
You hear an angry hiss.
A frilled lizard comes into view. 😎 MP[-1]
You lost 1 mp, and now have 5/6 mp.
Casting: Magic Dart (safe; 2% risk of failure)
Confirm with . or Enter, or press ? or * to list all spells.
Aiming: Magic Dart (safe; 2% risk of failure)
Press: ? - help, Shift-Dir - straight line, f/p - worm
Aim: a worm (lightly wounded, 0% to evade)
The magic dart hits the worm. 😎 MP[-1]
You lost 1 mp, and now have 4/6 mp.
Casting: Magic Dart (safe; 2% risk of failure)
Confirm with . or Enter, or press ? or * to list all spells.
Aiming: Magic Dart (safe; 2% risk of failure)
Press: ? - help, Shift-Dir - straight line, f/p - worm
Aim: a worm (moderately wounded, 0% to evade)
The magic dart hits the worm. 😎 MP[-1]
You lost 1 mp, and now have 3/6 mp.
Casting: Magic Dart (safe; 2% risk of failure)
Confirm with . or Enter, or press ? or * to list all spells.
You can't see any susceptible monsters within range! (Use Z to cast anyway.)
An adder comes into view.
Casting: Magic Dart (safe; 2% risk of failure)
Confirm with . or Enter, or press ? or * to list all spells.
Aiming: Searing Ray (safe; 3% risk of failure)
Press: ? - help, Shift-Dir - straight line, f/p - worm
Aim: a worm (heavily wounded, 8% to evade)
The searing ray hits the worm! (Press . to maintain the ray.)
The adder hisses angrily.
A quokka comes into view. 😎 MP[-2]
You lost 2 mp, and now have 1/6 mp.
The searing ray hits the worm. 😎 MP[-1]
You lost 1 mp, and now have 0/6 mp.
Without enough magic to sustain it, your searing ray dissipates.
You closely miss the frilled lizard. The frilled lizard closely misses you.
You hit the frilled lizard.
You kill the frilled lizard!
The adder barely misses you. The worm misses you. 😎 MP[+1]
You hit the adder but do no damage. The adder barely misses you.
Unknown command.
You barely miss the adder. The adder bites you but does no damage.
The worm bites you! The adder barely misses you. 😮 HP[-8]
You take 8 damage, and now have 18/26 hp.
MASSIVE DAMAGE!! (PAUSE)
You hit the worm but do no damage. The adder bites you but does no damage.
The worm bites you.
* * * LOW HITPOINT WARNING * * *
The adder bites you but does no damage. 😨 HP[-5]
You take 5 damage, and now have 13/26 hp.
The adder barely misses you.
There is an escape hatch in the ceiling here.
The adder barely misses you. A mysterious force pulls you upwards.
The hatch slams shut behind you.
You barely miss the adder. The adder barely misses you. The adder bites you.
* * * LOW HITPOINT WARNING * * *
You are poisoned.
The adder poisons you! 😨 HP[-2] MP[+1]
You take 2 damage, and now have 11/26 hp.
You hit the adder but do no damage.
You feel sick. The adder closely misses you. The adder bites you.
* * * LOW HITPOINT WARNING * * *
😨 HP[-4]
You take 4 damage, and now have 7/26 hp.
Casting: Searing Ray (safe; 3% risk of failure)
Confirm with . or Enter, or press ? or * to list all spells.
Aiming: Magic Dart (safe; 2% risk of failure)
Press: ? - help, Shift-Dir - straight line, f - adder
Aim: an adder (0% to evade)
The magic dart hits the adder.
The adder bites you.
* * * LOW HITPOINT WARNING * * *
You are lethally poisoned!
The adder poisons you! 😱 HP[-2] MP[-1]
You take 2 damage, and now have 5/26 hp.
You lost 1 mp, and now have 1/6 mp.
Casting: Magic Dart (safe; 2% risk of failure)
Confirm with . or Enter, or press ? or * to list all spells.
Aiming: Magic Dart (safe; 2% risk of failure)
Press: ? - help, Shift-Dir - straight line, f/p - adder
Aim: an adder (lightly wounded, 0% to evade)
The magic dart hits the adder.
* * * LOW HITPOINT WARNING * * *
You feel sick. The adder bites you.
You die...

Skill      XL: |  1  2 |
---------------+-------+-----
Fighting       | 1 |  1.2
Dodging        | |  1.7
Stealth        | |  1.7
Spellcasting   | |  2.4
Conjurations   | |  4.5

Action                   || total
-------------------------++-------
Melee: Mace              ||     7
Throw: Stone             ||     4
       Dart              ||     1
 Cast: Magic Dart        ||    55
       Searing Ray       ||     1
Armor: Robe              ||     3
Dodge: Dodged            ||    12
Block: Other             ||     1

Levels and vault maps discovered:
D:1:      giann_bridges, layout_loops_cross
D:2:      layout_basic, nemelex_altar_shiori

Notes
Turn   | Place    | Note
-------+----------+-------------------------------------------
     0 | D:1      | phalm the Demonspawn Conjurer began the quest for the Orb.
     0 | D:1      | Reached XP level 1. HP: 13/13 MP: 3/3
     0 | D:1      | magus.rc [v1.9.10]
   114 | D:1      | Gained mutation: You are partially covered in large bone
                  | plates. (SH +4) [demonic ancestry]
   114 | D:1      | Reached XP level 2. HP: 20/20 MP: 1/5
   531 | D:1      | Learned a level 2 spell: Searing Ray
   588 | D:1      | Reached skill level 1 in Fighting
  1047 | D:1      | Gained mutation: You have a pair of small antennae on your
                  | head. [demonic ancestry]
  1047 | D:1      | Reached XP level 3. HP: 26/26 MP: 3/6
  1263 | D:1      | HP: 5/26 [adder (2)]
  1264 | D:1      | Slain by an adder

Vanquished Creatures
  An ooze (D:1)
  2 dart slugs (D:1)
  2 leopard geckos
  A bat (D:1)
  2 giant cockroaches (D:1)
  5 goblins
  5 kobolds (D:1)
  5 frilled lizards
  3 rats
26 creatures vanquished.

Table legend:
 A = Non-vault XP
 B = Vault XP
 C = Vault XP percentage of total XP
 D = Non-vault monster count
 E = Vault monster count
 F = Vault count percentage of total count
                 A         B        C        D         E       F
            +---------+---------+-------+---------+---------+-------
      Total |      53 |       0 |   0.0 |      26 |       0 |   0.0
            +---------+---------+-------+---------+---------+-------
        D:1 |      45 |       0 |   0.0 |      21 |       0 |   0.0
        D:2 |       8 |       0 |   0.0 |       5 |       0 |   0.0
            +---------+---------+-------+---------+---------+-------

Illustrated notes

Table legend:
 A = Kills in this place as a percentage of kills in entire the game.
 B = Kills by you in this place as a percentage of kills by you in the entire game.
 C = Kills by friends in this place as a percentage of kills by friends in the entire game.
 D = Other kills in this place as a percentage of other kills in the entire game.
 E = Experience gained in this place as a percentage of experience gained in the entire game.
 F = Experience gained in this place divided by the number of levels of this place that you have seen.
                   A       B       C       D       E      F
               +-------+-------+-------+-------+-------+----------------------
         Total | 100.0 | 100.0 |   N/A |   N/A | 100.0 |  26.5
       Dungeon | 100.0 | 100.0 |   N/A |   N/A | 100.0 |  26.5
               +-------+-------+-------+-------+-------+----------------------

Table legend: (Time is in decaauts)
 A = Elapsed time spent in this place.
 B = Non-inter-level travel time spent in this place.
 C = Inter-level travel time spent in this place.
 D = Time resting spent in this place.
 E = Time spent auto-exploring this place.
 F = Levels seen in this place.
 G = Mean time per level.
                   A        B        C        D        E       F      G
               +--------+--------+--------+--------+--------+-----+--------+
         Total |   1266 |   1250 |     16 |      0 |   1122 |   2 |  633.0 |
       Dungeon |   1266 |   1250 |     16 |      0 |   1122 |   2 |  633.0 |
               +--------+--------+--------+--------+--------+-----+--------+

Top non-repeatable levels by time:
     D:1: 1166 daAuts
     D:2: 100 daAuts
